 Dungeon Crawl Stone Soup version 0.26.1-11-gd32895ea62 (webtiles) character file.

Game seed: 16393680964474245123

292 Zeld the Cleaver (level 6, -2/51 HPs)
             Began as a Minotaur Berserker on June 1, 2021.
             Was a Priest of Trog.
             Slain by an orc (3 damage)
             ... on level 3 of the Dungeon.
             The game lasted 00:02:38 (4686 turns).

Zeld the Cleaver (Minotaur Berserker)               Turns: 4686, Time: 00:02:39

Health: -2/51      AC:  0    Str: 23    XL:     6   Next: 10%
Magic:  5/5        EV: 12    Int:  4    God:    Trog [***...]
Gold:   142        SH:  0    Dex: 10    Spells: 5/5 levels left

rFire    . . .     SeeInvis .   a - +0 hand axe
rCold    . . .     Faith    .   (no shield)
rNeg     . . .     Spirit   .   (no armour)
rPois    .         Reflect  .   (helmet restricted)
rElec    .         Harm     .   (no cloak)
rCorr    .         Rampage  .   (no gloves)
Will     .....                  (no boots)
Stlth    +.........             (no amulet)
HPRegen  0.17/turn              (no ring)
MPRegen  0.09/turn              (no ring)

@: berserk cooldown, slowed, very slow
A: retaliatory headbutt, horns 2
a: Renounce Religion, Berserk, Trog's Hand


You were on level 3 of the Dungeon.
You worshipped Trog.
Trog was most pleased with you.
You visited 1 branch of the dungeon, and saw 3 of its levels.

You collected 142 gold pieces.

Inventory:

Hand Weapons
 a - a +0 hand axe (weapon)
Scrolls
 c - a scroll of fog {unknown}
 d - 4 scrolls of remove curse {unknown}
 e - 5 scrolls of identify {unknown}
 g - a scroll of random uselessness {unknown}
 i - a scroll of fear {unknown}
 k - a scroll of enchant armour {unknown}
 n - a scroll of magic mapping {unknown}
Potions
 b - a potion of lignification {unknown}
 f - a potion of resistance {unknown}
 h - a potion of haste {unknown}
 j - 2 potions of curing {unknown}
 l - a potion of degeneration {unknown}
 m - a potion of flight {unknown}


   Skills:
 - Level 3.6 Fighting
 * Level 8.3 Axes
 - Level 2.4 Armour
 - Level 2.1 Dodging


You had 5 spell levels left.
You didn't know any spells.
Your spell library was empty.

Dungeon Overview and Level Annotations

Branches:
Dungeon (3/15)

Altars:
Yredelemnul


Innate Abilities, Weirdness & Mutations

You reflexively headbutt those who attack you in melee.
You have a pair of horns on your head.


Message History

The orc hits you.
* * * LOW HITPOINT WARNING * * *
You bump into the rock wall.
You bump into the rock wall.
You feel a strong urge to attack something.
The orc hits you.
* * * LOW HITPOINT WARNING * * *
You bump into the rock wall.
You are no longer berserk.
You are exhausted.
You feel yourself slow down. The orc misses you.
Unknown command.
You feel less confused.
You hit the orc but do no damage. You headbutt the orc.
The orc is heavily wounded.
The orc barely misses you.
You completely miss the orc. You headbutt the orc.
The orc is heavily wounded.
The orc hits you.
You die...

#........#
########.# #.#
#.# #.#####
#.....# #
#####.#
#.######## #.#
#.)o@....# #.#
########.# #.#
#.##### #.#
#.....# #.#
#####.######.#
#........#
########.# ###


You could see an orc.

Vanquished Creatures
  A bullfrog (D:3)
  3 orc wizards (D:3)
  A gnoll (D:1)
  3 adders
  An ufetubus (D:2)
  An ooze (D:2)
  A worm (D:3)
  3 dart slugs
  2 leopard geckos
  11 orcs (D:3)
  7 giant cockroaches
  8 goblins
  6 hobgoblins
  9 kobolds
  A ball python (D:1)
  9 bats
  6 frilled lizards
  6 rats
  A spectral orc (D:2)
80 creatures vanquished.

Notes
Turn   | Place    | Note
-------+----------+-------------------------------------------
     0 | D:1      | Zeld the Minotaur Berserker began the quest for the Orb.
     0 | D:1      | Reached XP level 1. HP: 19/19 MP: 0/0
   187 | D:1      | Reached skill level 4 in Axes
   486 | D:1      | Reached XP level 2. HP: 26/26 MP: 1/1
   783 | D:1      | Reached skill level 5 in Axes
  1283 | D:1      | Reached XP level 3. HP: 28/31 MP: 2/2
  1354 | D:1      | Reached ** piety under Trog
  1905 | D:2      | Found a faded altar of an unknown god.
  1907 | D:2      | Reached skill level 6 in Axes
  1907 | D:2      | Reached XP level 4. HP: 39/39 MP: 3/3
  2426 | D:2      | Found a basalt altar of Yredelemnul.
  4082 | D:3      | Noticed a bullfrog
  4088 | D:3      | Killed a bullfrog
  4089 | D:3      | Reached skill level 7 in Axes
  4089 | D:3      | Reached XP level 5. HP: 45/45 MP: 4/4
  4655 | D:3      | Reached *** piety under Trog
  4666 | D:3      | Reached skill level 8 in Axes
  4668 | D:3      | Reached XP level 6. HP: 42/51 MP: 5/5
  4680 | D:3      | HP: 2/76 [orc (3)]
  4686 | D:3      | Slain by an orc

Illustrated notes

Levels and vault maps discovered:
D:1:      lightli_arrival_statue_moat, layout_basic, minmay_heptomino_d4
D:2:      layout_loops_ring, yredelemnul_forgotten_temple_becter,
          chequers_ecumenical_altar_island
D:3:      layout_basic

Skill      XL: |  1  2  3  4  5 |
---------------+----------------+-----
Axes           | 4 5 6 7 8 |  8.3
Fighting       | |  3.6
Armour         | |  2.4
Dodging        | |  2.1

Action                   |  1- 3 |  4- 6 || total
-------------------------+-------+-------++-------
Melee: Hand axe          |    59 |   103 ||   162
       Headbutt          |     5 |    19 ||    24
Invok: Berserk           |     2 |     2 ||     4
 Stab: Sleeping          |       |     1 ||     1
Dodge: Dodged            |    49 |    58 ||   107
